 Dungeon Crawl Stone Soup version 0.23.1-44-gbd83930989 (webtiles) character file.

Game seed: 4659463683295012243

41 PentaManta the Sneak (level 3, -1/17 HPs)
             Began as a Felid Berserker on Mar 31, 2019.
             Was a Follower of Trog.
             Slain by Jessica
             ... wielding a +0 club
              (2 damage)
             ... on level 2 of the Dungeon.
             The game lasted 00:01:46 (1329 turns).

PentaManta the Sneak (Felid Berserker)              Turns: 1329, Time: 00:01:46

Health: -1/17      AC:  1    Str: 13    XL:     3   Next: 32%
Magic:  4/4        EV: 19    Int:  8    God:    Trog [*.....]
Gold:   113        SH:  0    Dex: 16    Spells: 2/2 levels left
                                        Lives:  0   Deaths: 0

rFire    . . .     SeeInvis +     - Unarmed
rCold    . . .     Gourm    .   (shield unavailable)
rNeg     . . .     Faith    .   (armour unavailable)
rPois    .         Spirit   .   (helmet unavailable)
rElec    .         Reflect  .   (cloak unavailable)
rCorr    .         Harm     .   (gloves unavailable)
MR       .....                  (boots unavailable)
Stlth    +++.......             (no amulet)
HPRegen  0.05/turn              (no ring)
MPRegen  0.09/turn              (no ring)

@: quick
A: very small, no armour, no weapons or thrown items, stealth, claws 1, fangs 3,
see invisible, carnivore, speed 1, shaggy fur 1, slow metabolism 1, sharp paws
a: Berserk, Renounce Religion


You were on level 2 of the Dungeon.
You worshipped Trog.
Trog was aware of your devotion.
You were not hungry.

You visited 1 branch of the dungeon, and saw 2 of its levels.

You collected 113 gold pieces.

Inventory:

Jewellery
 e - an uncursed amulet of regeneration {unknown}
Scrolls
 b - a scroll of fear {unknown}
 c - a scroll of teleportation {unknown}
 f - a scroll of identify {unknown}
 h - a scroll of remove curse {unknown}
Potions
 d - a potion of flight {unknown}
 g - a potion of might
Comestibles
 a - 5 rations


   Skills:
 - Level 3.0 Fighting
 - Level 4.0 Dodging
 + Level 4.5 Stealth
 - Level 3.0 Unarmed Combat


You had 2 spell levels left.
You didn't know any spells.
Your spell library was empty.

Dungeon Overview and Level Annotations

Branches:
Dungeon (2/15)

Altars:
Dithmenos

Annotations:
D:2 Jessica, Robin


Innate Abilities, Weirdness & Mutations

You cannot wear armour.
You are incapable of wielding weapons or throwing items.
Your paws allow you to move quietly. (Stealth)
You have sharp claws.
You have razor-sharp teeth.
You have supernaturally acute eyesight. (SInv)
You are carnivorous and can eat meat at any time.
You cover ground quickly.
You are covered in fur. (AC +1)
You have a slow metabolism.
Your sharp claws are effective at attacking unaware monsters.


Message History

You completely miss Jessica. You bite Jessica.
Jessica is heavily wounded.
Jessica closely misses you.
You barely miss Jessica. You bite Jessica, but do no damage.
Jessica is heavily wounded.
Jessica gestures at you while chanting. Pain shoots through your body!
You scratch Jessica but do no damage.
Jessica is heavily wounded.
Jessica completely misses you.
You scratch Jessica but do no damage. Your bite misses Jessica.
Jessica is heavily wounded.
Jessica misses you. Jessica casts a spell at you.
Pain shoots through your body!
* * * LOW HITPOINT WARNING * * *
You scratch Jessica.
Jessica is heavily wounded.
Jessica hits you with a +0 club.
You die...

##################
.........!.......#
.).#..@#...#...###
.......@..(...)...#
#...#...#...#...#.#
.............(....#
######################.#
..........###.## #..#
..............######.##
#####...#.###..#.......#
..........# #..#.#####)#


You could see Jessica.

Vanquished Creatures
  A worm (D:2)
  A dart slug (D:1)
  A leopard gecko (D:1)
  3 bats
  2 giant cockroaches
  8 goblins
  4 jackals (D:1)
  3 kobolds
  4 frilled lizards
  4 rats (D:1)
31 creatures vanquished.

Notes
Turn   | Place    | Note
-------+----------+-------------------------------------------
     0 | D:1      | PentaManta the Felid Berserker began the quest for the Orb.
     0 | D:1      | Reached XP level 1. HP: 10/10 MP: 2/2
    13 | D:1      | Reached skill level 1 in Stealth
    68 | D:1      | Reached XP level 2. HP: 9/14 MP: 3/3
   864 | D:2      | Reached XP level 3. HP: 11/17 MP: 4/4
  1014 | D:2      | Noticed Robin
  1245 | D:2      | Found a shadowy altar of Dithmenos.
  1312 | D:2      | Noticed Jessica
  1329 | D:2      | Slain by Jessica

Skill      XL: |  1  2 |
---------------+-------+-----
Stealth        | 2 4 |  4.5
Fighting       | |  3.0
Dodging        | |  4.0
Unarmed Combat | |  3.0

Action                   || total
-------------------------++-------
Melee: Unarmed           ||    81
       Punch             ||     2
       Bite              ||     4
 Stab: Sleeping          ||     8
Armor: Skin              ||     1
Dodge: Dodged            ||    62
